Get step-by-step instructions on how to execute this build order below. Start the game timer, and the build order will tick by so you can play in parallel with StarCraft on a second screen or mobile device.

Game Time

  0:00

Last Step

  N/A

Next Step

Upcoming Step



Don't want to look back and forth between 2 screens? Try out our Overwolf App, the Spawning Tool Build Advisor to get an in-game overlay with this build!

Complete Build Order

  12  0:01  Drone  
  13  0:08  Drone  
  14  0:15  Extractor  
  14  0:16  Drone  
  15  0:24  Overlord  
  15  0:40  Spawning Pool  
  15  0:42  Drone  
  15  0:45  Drone  
  17  0:50  Drone  
  17  0:58  Drone  
  18  1:20  Hatchery  
  18  1:25  Extractor, Drone x2  
  18  1:34  Queen  
  20  1:44  Overlord  
  20  1:52  Drone  
  20  1:53  Drone  
  22  2:04  Zergling x2  
  23  2:13  Drone  
  24  2:28  Drone  
  25  2:33  Hatchery  
  25  2:34  Metabolic Boost  
  24  2:41  Drone  
  25  2:47  Drone x2  
  27  3:01  Zergling x4  
  27  3:04  Zergling x6  
  32  3:09  Extractor  
  32  3:11  Overlord  
  31  3:31  Drone x2  
  33  3:37  Lair  
  33  3:41  Evolution Chamber  
  32  3:52  Zergling x6  
  32  3:53  Zergling x10  
  40  4:03  Drone x2  
  40  4:04  Drone  
  40  4:08  Queen  
  45  4:21  Queen